 Dungeon Crawl Stone Soup version 0.25-a0-505-gae4569222e (webtiles) character file.

Game seed: 10620044625881477796, levelgen mode: deterministic

71180 Wry the Markscentaur (level 14, -6/126 HPs)
             Began as a Centaur Arcane Marksman on Feb 14, 2020.
             Was the Champion of Okawaru.
             Mangled by a large abomination (22 damage)
             ... on level 2 of the Abyss.
             The game lasted 02:35:17 (33147 turns).

Wry the Markscentaur (Centaur Arcane Marksman)     Turns: 33147, Time: 02:35:18

Health: -6/126     AC: 25    Str: 20    XL:     14   Next: 96%
Magic:  19/19      EV: 14    Int:  9    God:    Okawaru [******]
Gold:   1689       SH: 12    Dex: 21    Spells: 9/20 levels left

rFire    + + .     SeeInvis .   d - +4 flail (vorpal)
rCold    x . .     Gourm    .   W - +1 kite shield {reflect}
rNeg     . . .     Faith    .   o - +5 ring mail {rF+}
rPois    .         Spirit   .   s - +2 helmet
rElec    .         Reflect  +   (no cloak)
rCorr    .         Harm     .   N - +2 pair of gloves
MR       +++..     Rnd*Rage +   K - +2 centaur barding {Stlth+}
Stlth    ++++......             S - necklace of Bloodlust {*Rage +Rage MR++ Int-3 Slay+6 *Curse}
HPRegen  0.31/turn              Z - ring of the Philosopher {Fire Dex+4}
MPRegen  0.16/turn              T - +4 ring of strength

@: agile, afraid, berserk cooldown, very quick
A: large, hooves 3, deformed body, speed 2, tough skin 3
a: Heroism, Finesse, Renounce Religion, Evoke Berserk Rage


You were on level 2 of the Abyss.
You worshipped Okawaru.
Okawaru was exalted by your worship.
You were hungry.

You visited 5 branches of the dungeon, and saw 18 of its levels.
You visited the Abyss 1 time.
You also visited: Bailey and Ice Cave.

You collected 2243 gold pieces.
You spent 554 gold pieces at shops.

Inventory:

Hand Weapons
 a - a +0 shortbow
 d - a +4 vorpal flail (weapon)
 k - a +1 longbow of freezing
Missiles
 i - 22 poisoned darts (quivered)
 y - 339 arrows
 X - 7 atropa-tipped darts
Armour
 o - a +5 ring mail of fire resistance (worn)
 s - a +2 helmet (worn)
 K - a +2 centaur barding of stealth (worn)
 N - a +2 pair of gloves (worn)
 W - a +1 kite shield of reflection (worn)
Jewellery
 h - an uncursed ring of resist corrosion
 w - an uncursed ring of see invisible
 C - an uncursed ring of poison resistance
 H - an uncursed ring of protection from fire
 P - a +2 ring of intelligence
 Q - an uncursed ring of protection from magic
 R - a +2 ring of dexterity
 S - the necklace of Bloodlust (around neck) {*Rage +Rage MR++ Int-3 Slay+6 *Curse}
   (You found it in an ice cave)

   [amulet of rage]

   It affects your intelligence (-3).
   It affects your accuracy and damage with ranged weapons and melee attacks
   (+6).
   It affects your resistance to hostile enchantments.
   It lets you go berserk.
   It may make you go berserk in combat.
   It curses itself when equipped.
 T - a +4 ring of strength (right hand)
 Z - the ring of the Philosopher (left hand) {Fire Dex+4}
   (You found it on level 1 of the Orcish Mines)

   [ring of fire]

   It enhances your fire magic.
   It affects your dexterity (+4).
   It protects you from fire.
   It makes you vulnerable to cold.
Wands
 c - a wand of acid (10)
 u - a wand of flame (19)
 v - a wand of disintegration (8)
 E - a wand of iceblast (14)
 J - a wand of paralysis (4)
 L - a wand of polymorph (10)
Scrolls
 b - 2 scrolls of summoning
 g - 2 scrolls of magic mapping
 j - 7 scrolls of remove curse
 l - 7 scrolls of teleportation
 m - 2 scrolls of enchant weapon
 n - a scroll of blinking
 q - 3 scrolls of noise
 t - a scroll of identify
 F - 2 scrolls of amnesia
 U - a scroll of holy word
 Y - a scroll of brand weapon {unknown}
Potions
 e - 2 potions of cancellation
 r - 6 potions of flight
 x - 2 potions of magic
 z - a potion of brilliance
 A - 2 potions of might
 B - a potion of degeneration
 D - 2 potions of berserk rage
 G - a potion of agility
 I - a potion of lignification
 M - a potion of ambrosia
 O - a potion of resistance
 V - a potion of haste {unknown}
Comestibles
 f - 20 rations


   Skills:
 + Level 12.0 Fighting
 + Level 11.6 Maces & Flails
 + Level 15.6 Bows
 + Level 2.5 Throwing
 + Level 6.6 Armour
 + Level 5.7 Dodging
 + Level 4.1 Stealth
 + Level 4.8 Shields
 + Level 3.8 Spellcasting
 + Level 5.4 Hexes
 + Level 0.1 Translocations
 + Level 2.6 Invocations
 + Level 0.7 Evocations


You had 9 spell levels left.
You knew the following spells:

 Your Spells              Type           Power        Failure   Level  Hunger
a - Corona                Hex            ##.....      12%         1    #......
b - Leda's Liquefaction   Hex/Erth       #.........   98%         4    #####..
c - Inner Flame           Hex/Fire       ##......     71%         3    ###....
d - Portal Projectile     Hex/Tloc       #.....       71%         3    ###....

Your spell library contained the following spells:

 Spells                   Type           Power        Failure   Level  Hunger
 Slow                     Hex            ##......     17%         2    ###....
 Apportation              Tloc           #.....       71%         1    #......
 Dazzling Flash           Conj/Hex       #.....       71%         3    ###....
 Animate Skeleton         Necr           N/A          73%         1    #......
 Magic Dart               Conj           #...         73%         1    #......
 Summon Small Mammal      Summ           #...         73%         1    #......
 Cause Fear               Hex            ##........   75%         4    #####..
 Searing Ray              Conj           #.....       86%         2    ###....
 Sticks to Snakes         Tmut           #.......     86%         2    ###....
 Ignite Poison            Fire/Tmut/Pois #.......     97%         3    ###....
 Fulminant Prism          Conj/Hex       #.........   98%         4    #####..
 Iskenderun's Mystic Bla  Conj/Tloc      #.......     100%        4    #####..
 Petrify                  Tmut/Erth      #.......     100%        4    #####..
 Fireball                 Conj/Fire      #.........   100%        5    ######.
 Irradiate                Conj/Tmut      #.........   100%        5    ######.
 Eringya's Noxious Bog    Tmut/Pois      #.........   100%        6    #######
 Starburst                Conj/Fire      #.........   100%        6    #######
 Ring of Flames           Chrm/Fire      #.........   100%        7    #######
 Ignition                 Fire           #.........   100%        8    #######


Dungeon Overview and Level Annotations

Branches:
Dungeon (12/15)            Temple (1/1) D:5            Lair (2/6) D:9
    Orc (2/2) D:12            Elf (1/3) Orc:2        Bailey (visited)
  IceCv (visited)
  Swamp: Lair:2-4    Shoals: Lair:2-4     Snake: Lair:2-4    Spider: Lair:2-4

Altars:
Ashenzari
Cheibriados
Dithmenos
Elyvilon
Fedhas
Gozag
Hepliaklqana
Kikubaaqudgha
Makhleb
Nemelex Xobeh
Okawaru
Qazlal
Ru
Sif Muna
Trog
Uskayaw
Vehumet
Wu Jian
Xom
Yredelemnul
Zin
The Shining One
Beogh

Shops:
D:6 %   D:10 !(**   Orc:2 (**:

Portals:
Trove: D:10 (give 12 potions of heal wounds)

Annotations:
Orc:2 1 runed translucent door, exclusion: 4 orange crystal statues


Innate Abilities, Weirdness & Mutations

You have hooves in place of feet.
Armour fits poorly on your strangely shaped body.
You cover ground very quickly.
You have extremely tough skin. (AC +3)


Message History

The glowing orange brain is moderately wounded.
You attempt to attack the glowing orange brain, but flinch away in fear!
You thump the glowing orange brain! You kick the glowing orange brain!
The glowing orange brain is severely wounded.
You feel yourself speed up.
The glowing orange brain pulsates.
You block the large abomination's attack.
You thump the glowing orange brain!
The glowing orange brain is almost dead.
You feel agile all of a sudden.
The large abomination closely misses you.
You fail to use your ability.
You feel your health improve. The large abomination misses you.
The small abomination misses you.
The glowing orange brain blinks!
You sock the large abomination! You kick the large abomination.
The large abomination is lightly damaged.
You block the small abomination's attack.
The large abomination hits you!!
You die...

## . ## .
.#. ...##
#..
#.#.##... #
#. .... # .
#. .. ## .#
#.#### # . #
###X@## .
.#. # #
#x4## .#.
... #G#..##
..
###.##..#...
. #.....
#.##....#
.... .#.
...#.. ##
##..#. .. .
#..# #.##.#
#. ##......
.... ... #.#
##.#...#


You could see a glowing orange brain, a large abomination, a hellwing and a
small abomination.

Vanquished Creatures
  A lich (Abyss:2)
  A tentacled monstrosity (Abyss:2)
  Fannar (Orc:1)
  4 hydras (Lair:1)
  2 ice dragons (IceCv)
  The ghost of Lueq Jul the Transmogrifier, a journeyman DrTm of Cheibriados (Orc:1)
  4 two-headed ogres
  7 dancing weapons (Elf:1)
  An orc high priest (Orc:2)
  6 deep elf knights (Elf:1)
  A wizard (Elf:1)
  3 deep elf archers (Elf:1)
  An orc sorcerer (Orc:2)
  32 deep elf magi (Elf:1)
  11 orc knights
  2 cyclopes
  2 ugly things (D:11)
  A spiny frog (Lair:1)
  2 ice statues (IceCv)
  A centaur skeleton (D:11)
  2 rime drakes (IceCv)
  5 trolls
  2 ancient zymes (Abyss:2)
  A hornet (D:12)
  A merfolk (D:11)
  5 hippogriffs
  4 blink frogs (Lair:1)
  An air elemental (Elf:1)
  A shadow (D:12)
  17 yaks
  2 wraiths (D:10)
  A wyvern (D:10)
  3 starcursed masses (Abyss:2)
  2 water elementals (Elf:1)
  2 fire elementals (Elf:1)
  2 hungry ghosts
  4 vampire mosquitoes (D:12)
  7 small abominations (Elf:1)
  13 wargs
  Edmund (D:6)
  9 large abominations
  3 water moccasins (Lair:1)
  2 porcupines (Lair:1)
  51 orc warriors
  18 ice beasts
  4 black bears
  4 sky beasts
  A phantom (D:5)
  11 ogres
  An eye of draining (D:10)
  A centaur (D:10)
  9 crocodiles
  12 bullfrogs
  2 wyvern skeletons
  3 scorpions
  6 killer bees (D:8)
  6 howler monkeys
  A wight (D:9)
  5 crimson imps
  2 centaur zombies
  3 bullfrog zombies
  3 bullfrog skeletons
  6 hounds
  4 jellies
  22 orc priests
  2 quasits (D:10)
  An iron imp (Abyss:2)
  Ijyb (D:3)
  Terence (D:2)
  Jessica (D:2)
  6 iguanas
  20 orc wizards
  8 worker ants
  4 hound skeletons
  A worker ant zombie (D:9)
  14 adders
  8 gnolls
  4 shadow imps
  6 adder skeletons
  An adder zombie (D:7)
  2 worms
  4 dart slugs
  5 leopard geckos
  100 orcs
  5 bats
  4 giant cockroaches
  10 hobgoblins
  11 jackals
  5 quokkas
  3 ball pythons
  5 frilled lizards
  A giant cockroach zombie (D:6)
  7 goblins
  18 kobolds
  A leopard gecko skeleton (D:6)
  8 rats
616 creatures vanquished.

Vanquished Creatures (others)
  A deep elf archer (Elf:1)
  5 fungi
  2 plants
8 creatures vanquished.

Grand Total: 624 creatures vanquished

Notes
Turn   | Place    | Note
-------+----------+-------------------------------------------
     0 | D:1      | Wry the Centaur Arcane Marksman began the quest for the
                  | Orb.
     0 | D:1      | Reached XP level 1. HP: 16/16 MP: 2/2
   150 | D:1      | Reached XP level 2. HP: 23/23 MP: 3/3
   155 | D:1      | Reached skill level 3 in Bows
   953 | D:2      | Found a faded altar of an unknown god.
   992 | D:2      | Noticed Jessica
   992 | D:2      | Noticed Terence
   998 | D:2      | Killed Jessica
   998 | D:2      | Reached XP level 3. HP: 26/28 MP: 1/4
  1023 | D:2      | HP: 1/28 [Terence/+0 mace (5)]
  1030 | D:2      | Killed Terence
  1030 | D:2      | Reached skill level 4 in Bows
  1030 | D:2      | Reached XP level 4. HP: 15/35 MP: 1/6
  2297 | D:3      | Noticed Ijyb
  2309 | D:3      | Killed Ijyb
  2309 | D:3      | Reached skill level 5 in Bows
  2309 | D:3      | Reached XP level 5. HP: 30/40 MP: 5/7
  2547 | D:3      | Noticed an ogre
  2576 | D:3      | Killed an ogre
  2576 | D:3      | Reached skill level 6 in Bows
  2909 | D:4      | Reached XP level 6. HP: 41/48 MP: 8/8
  2915 | D:4      | Learned a level 4 spell: Leda's Liquefaction
  2919 | D:4      | Learned a level 3 spell: Inner Flame
  3399 | D:4      | Reached skill level 1 in Armour
  3420 | D:4      | Reached skill level 7 in Bows
  3920 | D:5      | Entered Level 5 of the Dungeon
  4445 | D:5      | Noticed a sky beast
  4456 | D:5      | Killed a sky beast
  4456 | D:5      | Reached skill level 8 in Bows
  4456 | D:5      | Reached XP level 7. HP: 40/56 MP: 9/9
  4606 | D:5      | Found an ancient bone altar of Kikubaaqudgha.
  4835 | D:5      | Reached skill level 9 in Bows
  4991 | D:5      | Found a staircase to the Ecumenical Temple.
  4997 | Temple   | Entered the Ecumenical Temple
  5200 | Temple   | Became a worshipper of Warmaster Okawaru
  5314 | D:6      | Found Huimn's Food Emporium.
  5336 | D:6      | Noticed Edmund
  5661 | D:6      | Reached XP level 8. HP: 66/66 MP: 10/10
  5832 | D:6      | Killed Edmund
  5832 | D:6      | Reached skill level 10 in Bows
  6730 | D:7      | Reached * piety under Okawaru
  6875 | D:7      | Reached skill level 11 in Bows
  7110 | D:7      | Found an opulent altar of Gozag.
  7429 | D:7      | Reached ** piety under Okawaru
  7467 | D:7      | Reached skill level 5 in Fighting
  7467 | D:7      | Reached XP level 9. HP: 63/74 MP: 10/12
  8183 | D:8      | Noticed a two-headed ogre
  8224 | D:8      | Killed a two-headed ogre
  8224 | D:8      | Reached skill level 12 in Bows
  8500 | D:8      | Reached skill level 1 in Stealth
  8505 | D:8      | Reached *** piety under Okawaru
  8861 | D:8      | Reached skill level 13 in Bows
 10055 | D:8      | Reached XP level 10. HP: 26/83 MP: 14/14
 10446 | D:9      | Found a staircase to the Lair.
 11132 | Lair:1   | Entered Level 1 of the Lair of Beasts
 11137 | Lair:1   | Reached **** piety under Okawaru
 11365 | Lair:1   | Received a gift from Okawaru
 11397 | Lair:1   | Reached skill level 14 in Bows
 11677 | Lair:1   | Noticed a five-headed hydra
 11704 | Lair:1   | Noticed a seven-headed hydra
 11764 | Lair:1   | Killed a seven-headed hydra
 11764 | Lair:1   | Received a gift from Okawaru
 12230 | Lair:1   | Noticed a five-headed hydra
 12327 | Lair:1   | Killed a five-headed hydra
 12327 | Lair:1   | Reached ***** piety under Okawaru
 12387 | Lair:1   | Noticed a five-headed hydra
 12442 | Lair:1   | Killed a five-headed hydra
 12442 | Lair:1   | Received a gift from Okawaru
 12442 | Lair:1   | Reached XP level 11. HP: 53/95 MP: 15/15
 13078 | Lair:1   | Reached skill level 5 in Hexes
 13088 | Lair:1   | Received a gift from Okawaru
 13617 | Lair:1   | Received a gift from Okawaru
 13617 | Lair:1   | Reached skill level 15 in Bows
 13851 | Lair:1   | Learned a level 3 spell: Portal Projectile
 14017 | Lair:1   | Killed a five-headed hydra
 15203 | D:9      | Reached skill level 1 in Throwing
 15229 | D:9      | Reached skill level 1 in Maces & Flails
 16069 | D:9      | Paralysed by fainting for 9 turns
 16166 | D:10     | Entered Level 10 of the Dungeon
 16171 | D:10     | Noticed a two-headed ogre
 16411 | D:9      | Killed a two-headed ogre
 16840 | D:10     | Found Ehixast's Distillery.
 16902 | D:10     | Bought a potion of might for 56 gold pieces
 16902 | D:10     | Bought a potion of might for 56 gold pieces
 16902 | D:10     | Bought a potion of curing for 42 gold pieces
 16902 | D:10     | Bought a potion of curing for 42 gold pieces
 16902 | D:10     | Bought a potion of curing for 42 gold pieces
 17001 | D:10     | Found Teitys's General Store.
 17070 | D:10     | Found a white marble altar of Elyvilon.
 17190 | D:10     | Found a portal to a secret trove of treasure.
 17232 | D:10     | Found Jaemeosh's Assorted Antiques.
 17269 | D:10     | Reached skill level 5 in Armour
 17308 | D:10     | Found Unassun's Weapon Emporium.
 17455 | D:10     | Bought a +0 pair of gloves for 58 gold pieces
 17455 | D:10     | Bought a wand of flame (23) for 162 gold pieces
 17758 | D:11     | Found a flagged portal.
 17780 | D:11     | Reached XP level 12. HP: 82/104 MP: 17/17
 17790 | Bailey   | Entered a bailey
 18145 | Bailey   | Identified Rudufus's Compendium of Transmigration
 18561 | D:11     | Noticed a two-headed ogre
 18579 | D:11     | Killed a two-headed ogre
 19644 | D:11     | Reached skill level 1 in Shields
 20449 | D:12     | Found a frozen archway.
 20468 | IceCv    | Entered an ice cave
 20485 | IceCv    | Reached skill level 5 in Maces & Flails
 20961 | IceCv    | Received a gift from Okawaru
 20961 | IceCv    | Reached skill level 10 in Fighting
 21478 | IceCv    | Received a gift from Okawaru
 21861 | IceCv    | Noticed an ice dragon
 21879 | IceCv    | Noticed an ice dragon
 22237 | IceCv    | Killed an ice dragon
 22535 | IceCv    | Found the cursed necklace of Bloodlust {*Rage +Rage MR++
                  | Int-3 Slay+6 *Curse}
 22547 | IceCv    | Killed an ice dragon
 22792 | D:12     | Received a gift from Okawaru
 22829 | D:12     | Noticed a two-headed ogre
 22838 | D:12     | Killed a two-headed ogre
 23208 | D:12     | Got a jewelled lajatang
 23730 | D:12     | Found a staircase to the Orcish Mines.
 23798 | Orc:1    | Entered Level 1 of the Orcish Mines
 23808 | Orc:1    | Reached XP level 13. HP: 113/113 MP: 18/18
 25136 | Orc:1    | Found a transporter.
 25140 | Orc:1    | Found a transporter.
 25140 | Orc:1    | Noticed Lueq Jul's ghost (journeyman DrTm)
 25178 | Orc:1    | Noticed Fannar
 25196 | Orc:1    | Killed Fannar
 25524 | Orc:1    | Reached skill level 1 in Invocations
 25531 | Orc:1    | Killed Lueq Jul's ghost
 25549 | Orc:1    | Got a bound steel ring
 25569 | Orc:1    | Identified the ring of the Philosopher {Fire Dex+4} (You
                  | found it on level 1 of the Orcish Mines)
 25643 | Orc:2    | Entered Level 2 of the Orcish Mines
 25711 | Orc:2    | Received a gift from Okawaru
 26142 | Orc:2    | Found Kaisapn's Assorted Antiques.
 26178 | Orc:2    | Found Wigifiga's Book Shoppe.
 26378 | Orc:2    | Found a staircase to the Elven Halls.
 26680 | Orc:2    | Found a runed translucent door.
 26960 | Orc:2    | Found a runed translucent door.
 26974 | Orc:2    | Found the +10 tower shield of Ignorance {rN+ Int-4}
 26980 | Orc:2    | Received a gift from Okawaru
 28769 | Orc:2    | Found a roughly hewn altar of Beogh.
 28813 | Orc:2    | Found Suommyr's Antique Weapon Shop.
 28813 | Orc:2    | Found Neallese's General Store.
 28826 | Orc:2    | Bought a wand of polymorph (4) for 96 gold pieces
 29067 | Elf:1    | Entered Level 1 of the Elven Halls
 29083 | Elf:1    | Reached skill level 5 in Dodging
 29567 | Elf:1    | Received a gift from Okawaru
 30296 | Elf:1    | Received a gift from Okawaru
 30296 | Elf:1    | Reached XP level 14. HP: 105/124 MP: 19/19
 30843 | Elf:1    | Received a gift from Okawaru
 31117 | Elf:1    | Reached skill level 10 in Maces & Flails
 31132 | Elf:1    | Received a gift from Okawaru
 31584 | Elf:1    | Received a gift from Okawaru
 32923 | Elf:1    | Cast into level 2 of the Abyss (+3 morningstar of
                  | distortion)
 32961 | Abyss:2  | Reached ****** piety under Okawaru
 32985 | Abyss:2  | Noticed a tentacled monstrosity
 33025 | Abyss:2  | Noticed a lich
 33040 | Abyss:2  | Killed a lich
 33040 | Abyss:2  | Received a gift from Okawaru
 33040 | Abyss:2  | Received a gift from Okawaru
 33061 | Abyss:2  | Killed a tentacled monstrosity
 33076 | Abyss:2  | Noticed a starcursed mass
 33147 | Abyss:2  | Mangled by a large abomination

Levels and vault maps discovered:
D:1:      dpeg_arrival_pond, layout_basic, nrook_uturn
D:2:      layout_loops_cross, chequers_ecumenical_altar_island, uniq_jessica,
          uniq_terence
D:3:      layout_basic, uniq_ijyb
D:4:      layout_loops_corners, first_ration
D:5:      layout_gridville, minmay_temple_entry_fiery, basic_altar
D:6:      layout_basic, serial_shops, nicolae_shop_crystal,
          kennysheep_generic_room_8, uniq_edmund
D:7:      layout_basic, overflow_temple_1_default, grunt_tough_drop
D:8:      layout_basic
D:9:      layout_irregular_city, due_lair_maze_entry_diamond
D:10:     layout_loops_ring, serial_shops, nicolae_shop_crystal, shop,
          nicolae_shop_trees, nicolae_shop_window_shopping,
          trove_entry_hex_spiral, basic_altar, kennysheep_generic_room_5
D:11:     layout_irregular_city, enter_bailey_2, chequers_mini_garden,
          hangedman_fish_farm
D:12:     layout_loops_ring, david_orc_1_choice, portal_ice_cave_entry_pillars_1
Temple:   kilobyte_greek_temple
Lair:1:   layout_roguey
Lair:2:   layout_chaotic_city, infiniplex_staircase_pool_2,
          serial_bayou_shore_a, uniq_sonja
Orc:1:    layout_diamond_mine, gammafunk_ghost_arena, uniq_fannar, uniq_snorg
Orc:2:    st_orc_town, layout_caves, chequers_guarded_unrand_ignorance
Elf:1:    elf_arrival_002, layout_loops_cross,
          hangedman_elven_crosses_minicolossus, minivault_5, laboratory
Abyss:2:  base:
WizLab

Skill      XL: |  1  2  3  4  5  6  7  8  9 10 11 12 13 14 |
---------------+-------------------------------------------+-----
Hexes          | 3 4 5 |  5.4
Bows           | 3 4 5 6 8 9 11 13 14 15 | 15.6
Fighting       | 2 3 5 6 8 9 10 11 12 | 12.0
Armour         | 1 2 3 5 6 |  6.6
Dodging        | 2 3 4 5 |  5.7
Spellcasting   | 2 3 |  3.8
Stealth        | 1 3 4 |  4.1
Throwing       | 2 |  2.5
Maces & Flails | 3 6 9 11 | 11.6
Shields        | 2 3 4 |  4.8
Invocations    | 2 |  2.6
Translocations | |  0.1
Evocations     | |  0.7

Action                   |  1- 3 |  4- 6 |  7- 9 | 10-12 | 13-15 || total
-------------------------+-------+-------+-------+-------+-------++-------
Melee: Shortbow          |     8 |     1 |       |     1 |       ||    10
       Kick              |     2 |       |       |   185 |   283 ||   470
       Flail             |       |       |       |   685 |   732 ||  1417
 Fire: Shortbow          |    87 |   225 |   592 |   642 |       ||  1546
Throw: Dart              |       |       |       |    72 |       ||    72
       Throwing net      |       |       |       |     1 |       ||     1
 Cast: Corona            |    21 |    14 |    32 |    47 |       ||   114
       Portal Projectile |       |       |       |     4 |       ||     4
       Inner Flame       |       |       |       |     1 |       ||     1
Invok: Heroism           |       |       |       |     9 |    11 ||    20
       Finesse           |       |       |       |     2 |     3 ||     5
Evoke: Wand              |       |       |       |    27 |       ||    27
  Use: Potion            |     1 |       |     5 |     9 |     4 ||    19
       Scroll            |       |    13 |     8 |    17 |     6 ||    44
 Stab: Sleeping          |       |       |       |     6 |     6 ||    12
       Paralysed         |       |       |       |    23 |       ||    23
       Distracted        |       |       |       |     1 |     3 ||     4
  Eat: Chunk             |       |     9 |    11 |    34 |    24 ||    78
       Ration            |       |       |     1 |     4 |     1 ||     6
Armor: Robe              |    24 |       |       |       |       ||    24
       Ring mail         |       |    44 |   161 |   697 |   318 ||  1220
Dodge: Dodged            |    27 |    29 |   116 |   393 |   153 ||   718
Block: Buckler           |       |       |       |    83 |       ||    83
       Kite shield       |       |       |       |    38 |   326 ||   364
       Reflection        |       |       |       |       |    27 ||    27

Table legend:
 A = Non-vault XP
 B = Vault XP
 C = Vault XP percentage of total XP
 D = Non-vault monster count
 E = Vault monster count
 F = Vault count percentage of total count
                 A         B        C        D         E       F
            +---------+---------+-------+---------+---------+-------
      Total |   65996 |   35691 |  35.1 |     436 |     181 |  29.3
            +---------+---------+-------+---------+---------+-------
        D:1 |      23 |       0 |   0.0 |      15 |       0 |   0.0
        D:2 |      46 |      75 |  62.0 |      15 |       2 |  11.8
        D:3 |     159 |      38 |  19.3 |      18 |       1 |   5.3
        D:4 |     304 |       0 |   0.0 |      21 |       0 |   0.0
        D:5 |     482 |       0 |   0.0 |      17 |       0 |   0.0
        D:6 |     413 |     174 |  29.6 |      13 |       2 |  13.3
        D:7 |    1122 |     207 |  15.6 |      25 |       3 |  10.7
        D:8 |    2312 |     315 |  12.0 |      40 |       3 |   7.0
        D:9 |    3606 |     698 |  16.2 |      33 |       7 |  17.5
       D:10 |    1767 |       0 |   0.0 |      21 |       0 |   0.0
       D:11 |    4780 |     266 |   5.3 |      34 |       1 |   2.9
       D:12 |    4022 |     782 |  16.3 |      21 |       9 |  30.0
     Lair:1 |    9663 |       0 |   0.0 |      37 |       0 |   0.0
     Lair:2 |      90 |       0 |   0.0 |       1 |       0 |   0.0
      Orc:1 |    5205 |    2530 |  32.7 |      46 |       6 |  11.5
      Orc:2 |    3274 |    7462 |  69.5 |      34 |      61 |  64.2
      Elf:1 |   19313 |   16554 |  46.2 |      33 |      34 |  50.7
    Abyss:2 |    9415 |       0 |   0.0 |      12 |       0 |   0.0
     Bailey |       0 |    1159 | 100.0 |       0 |      32 | 100.0
      IceCv |       0 |    5431 | 100.0 |       0 |      20 | 100.0
            +---------+---------+-------+---------+---------+-------
